 Dungeon Crawl Stone Soup version 0.31-a0-1388-g4b2ba238e7 (webtiles) character file.

Game seed: 6966799085590812568

110 timneilson the Covered (level 4, -1/29 HPs)
             Began as a Gargoyle Fighter on Dec 25, 2023.
             Was an Initiate of Qazlal.
             Killed from afar by an orc wizard (4 damage)
             ... with a puff of flame
             ... on level 3 of the Dungeon.
             The game lasted 00:04:14 (2114 turns).

timneilson the Covered (Gargoyle Fighter)           Turns: 2114, Time: 00:04:15

Health: -1/29      AC: 11    Str: 20    XL:     4   Next: 91%
Magic:  4/4        EV:  6    Int:  8    God:    Qazlal [......]
Gold:   131        SH:  4    Dex: 11    Spells: 3/3 levels left

rFire   + . .        a - +0 long sword
rCold   . . .        c - +0 buckler
rNeg    + . .        b - +0 scale mail
rPois   ∞            (no helmet)
rElec   +            i - +0 cloak
rCorr   .            (no gloves)
SInv    .            (no boots)
Will    .....        (no amulet) Stlth
                     g - ring of protection from fire
HPRegen 0.24/turn    (no ring)
MPRegen 0.09/turn

%: no passive effects
@: hasted, constricted, very quick
A: sickness immunity, AC +3, negative energy resistance 1, electricity
resistance, torment resistance 1, petrification resistance
a: Renounce Religion


You were on level 3 of the Dungeon.
You worshipped Qazlal.
Qazlal was noncommittal.
You visited 1 branch of the dungeon, and saw 3 of its levels.

You collected 131 gold pieces.

Inventory:

Hand Weapons
 a - a +0 long sword (weapon)
Armour
 b - a +0 scale mail (worn)
 c - a +0 buckler (worn)
 i - a +0 cloak (worn)
Jewellery
 g - a ring of protection from fire (left hand)
Scrolls
 j - a scroll of fear
Potions
 d - 3 potions of might
 h - a potion of mutation {unknown}
 k - a potion of lignification {unknown}


   Skills:
 + Level 3.8 Fighting
 * Level 2.5 Long Blades
 * Level 4.2 Armour
 + Level 0.8 Dodging
 * Level 4.1 Shields
 + Level 0.0 Invocations


You had 3 spell levels left.
You didn't know any spells.
Your spell library contained the following spells:

 Spells                   Type           Power      Damage    Failure   Level
 Blink                    Tloc           0%         N/A       92%         2
 Lesser Beckoning         Tloc           0%         N/A       92%         2
 Momentum Strike          Conj/Tloc      0%         3d8       92%         2


Dungeon Overview and Level Annotations

Branches:
Dungeon (3/15)

Altars:
Fedhas
Qazlal
Vehumet


Innate Abilities, Weirdness & Mutations

You are immune to sickness and miasma.
Your stone body is resilient. (AC +3)
You are immune to poison.
You resist negative energy. (rN+)
You are resistant to electric shocks. (rElec)
You are resistant to unholy torment.
You are immune to petrification.


Message History

You miss something.
You hear some strange, mumbled words.
A magic dart appears from out of thin air!
The magic dart hits you but does no damage.
You hit something.
You hear some strange, mumbled words.
A puff of flame appears from out of thin air!
You block the puff of flame.
You barely miss something. Something hits you.
* * * LOW HITPOINT WARNING * * *
Something hits you.
* * * LOW HITPOINT WARNING * * *
You barely miss something.
The ball python hisses angrily.
Something hits you but does no damage.
It was a potion of haste.
You feel yourself speed up. Something hits you but does no damage.
It was a potion of curing.
You feel better. Something completely misses you.
You hit something. You miss something. Something hits you.
You miss something. Something hits you but does no damage.
You hit something.
The ball python bites you but does no damage.
The ball python grabs you. The ball python constricts you.
Something hits you but does no damage.
You barely miss something.
The ball python bites you but does no damage.
The ball python constricts you.
You hear some strange, mumbled words.
A puff of flame appears from out of thin air!
The puff of flame hits you. You resist.
* * * LOW HITPOINT WARNING * * *
You hit the ball python but do no damage.
The ball python bites you.
* * * LOW HITPOINT WARNING * * *
The ball python constricts you.
You hear some strange, mumbled words.
A puff of flame appears from out of thin air!
The puff of flame hits you. You resist.
You die...

#......##... ........###.....
###..............................
#................................
.................................
.................#...# ).......†
.....................# ........†
....##...............# .........
....##+#.......S....# .........
....#...........@...##.. ..###...
....#....##..)){........ . #.....
...##.........)#...##... #.....
...............#...# . #.....
...............##.## #.....
...............# .. ####..
.........#.....# ... #..
..########.....# .... #.. ..#
#.........## ..#..


You could see a ball python.

Vanquished Creatures
  4 adders
  6 orcs (D:3)
  4 bats
  8 endoplasms
  3 giant cockroaches
  7 goblins
  5 hobgoblins
  A quokka (D:2)
  7 ball pythons
  2 frilled lizards (D:2)
  10 kobolds
  7 rats
64 creatures vanquished.

Notes
Turn   | Place    | Note
-------+----------+-------------------------------------------
     0 | D:1      | timneilson the Gargoyle Fighter began the quest for the
                  | Orb.
     0 | D:1      | Reached XP level 1. HP: 14/14 MP: 1/1
   123 | D:1      | Reached XP level 2. HP: 10/19 MP: 2/2
   617 | D:1      | Found a faded altar of an unknown god.
   724 | D:1      | Reached XP level 3. HP: 22/23 MP: 3/3
  1612 | D:3      | Found a radiant altar of Vehumet.
  1637 | D:3      | Reached XP level 4. HP: 22/28 MP: 4/4
  1936 | D:3      | Found a blossoming altar of Fedhas.
  2009 | D:3      | Found a stormy altar of Qazlal.
  2016 | D:3      | Became a worshipper of Qazlal Stormbringer
  2114 | D:3      | Killed from afar by an orc wizard

Illustrated notes

Levels and vault maps discovered:
D:1:      minmay_arrival_split_and_join, layout_loops_ring,
          basic_ecumenical_altar
D:2:      layout_basic
D:3:      layout_basic, grunt_temple_overflow_forces_of_nature,
          lemuel_doored_altar, minmay_shallow_snake_nest

Skill      XL: |  1  2  3  4 |
---------------+-------------+-----
Long Blades    | 2 |  2.5
Armour         | 4 |  4.2
Shields        | 4 |  4.1
Fighting       | |  3.8
Dodging        | |  0.8

Action                     |  1- 3 |  4- 6 || total
---------------------------+-------+-------++-------
  Melee: Long sword        |   186 |   104 ||   290
    Use: Scroll            |     3 |       ||     3
         Potion            |       |     2 ||     2
 Armour: Scale mail        |   153 |   128 ||   281
  Dodge: Dodged            |   111 |    55 ||   166
  Block: Buckler           |    59 |    29 ||    88

Table legend: (Time is in decaauts)
 A = Elapsed time spent in this place.
 B = Non-inter-level travel time spent in this place.
 C = Inter-level travel time spent in this place.
 D = Time resting spent in this place.
 E = Time spent auto-exploring this place.
 F = Levels seen in this place.
 G = Mean time per level.
                   A        B        C        D        E       F      G
               +--------+--------+--------+--------+--------+-----+--------+
         Total |   2203 |   2154 |     49 |      0 |   1526 |   3 |  734.3 |
       Dungeon |   2203 |   2154 |     49 |      0 |   1526 |   3 |  734.3 |
               +--------+--------+--------+--------+--------+-----+--------+

Top non-repeatable levels by time:
     D:2: 844 daAuts
     D:1: 807 daAuts
     D:3: 552 daAuts
